[Event "Titled Tuesday Blitz November 29 Early 2022"]
[White "Skliarov, Viktor"]
[Black "Kvaloy, Aksel Bu"]
[WhiteFideId "14106736"]
[BlackFideId "1528815"]
[WhiteElo "2284"]
[BlackElo "2184"]
[Result "1-0"]
[Round "06"]
[TimeControl "180+1"]
[Date "2022.11.30"]
[WhiteClock "0:00:03"]
[BlackClock "0:00:02"]

1. e4 e5 2. Nc3 Nf6 3. Bc4 Nxe4 4. Qh5 Nd6 5. Bb3 Be7 6. Qxe5 O-O 7. d4 b5 8. Nge2 Nc6 9. Qf4 Na5 10. Nd5 Nxb3 11. axb3 Bb7 12. Nxe7+ Qxe7 13. Be3 Bxg2 14. Rg1 Be4 15. Nc3 b4 16. Nxe4 Qxe4 17. Qf6 Ne8 18. Qh6 Kh8 19. Qf4 Qxf4 20. Bxf4 d6 21. Ra4 a5 22. Kd2 Nf6 23. Rga1 Ne4+ 24. Ke3 Rfe8 25. Kf3 g5 26. Be3 f5 27. Rxa5 Rxa5 28. Rxa5 f4 29. Bc1 h5 30. h4 g4+ 31. Kxf4 c5 32. dxc5 dxc5 33. Ra7 Nxf2 34. Kg5 g3 35. Bf4 g2 36. Bh2 g1=Q+ 37. Bxg1 Nh3+ 38. Kxh5 Nxg1 39. Rc7 Re5+ 40. Kg6 Re8 41. Rxc5 Nf3 42. h5 Nd4 43. Rc4 Rd8 44. Kf6 Kh7 45. Ke5 Nf3+ 46. Kf4 Rf8+ 47. Ke3 Ne1 48. Ke2 Ng2 49. Rxb4 Nf4+ 50. Kd2 Nxh5 51. Rb6 Kg7 52. b4 Nf6 53. c4 Kf7 54. b5 Ke7 55. Kc3 Nd7 56. Rh6 Kd8 57. Kb4 Kc7 58. b3 Rf4 59. Kc3 Rf3+ 60. Kb4 Rg3 61. Rc6+ Kb7 62. Rh6 Rf3 63. Rh7 Kc7 64. b6+ Kc6 65. Rh6+ Kb7 66. c5 Nb8 67. Kc4 Nc6 68. Rh7+ Ka6 69. b4 Rf4+ 70. Kd5 Nxb4+ 71. Kd6 Rd4+ 72. Kc7 Nd5+ 73. Kb8 Rc4 74. Ra7+ Kb5 75. b7 Rxc5 76. Ra1 Nb6 77. Rb1+ Ka6 78. Ra1+ 1-0


[Site "https://www.chess.com"]

[Event "Titled Tuesday Blitz November 29 Early 2022"]
[White "Sokolovsky, Yahli"]
[Black "Stankovic, Ivan G"]
[WhiteFideId "2820242"]
[BlackFideId "902837"]
[WhiteElo "2316"]
[BlackElo "2226"]
[Result "1-0"]
[Round "06"]
[TimeControl "180+1"]
[Date "2022.11.30"]
[WhiteClock "0:00:11"]
[BlackClock "0:00:17"]

1. b3 c5 2. Bb2 Nc6 3. e3 a6 4. Nf3 d5 5. d4 Nf6 6. Bd3 Bg4 7. Nbd2 e6 8. h3 Bh5 9. O-O cxd4 10. exd4 Bb4 11. c3 Bd6 12. Re1 O-O 13. Qb1 Bg6 14. Ne5 Bxe5 15. dxe5 Nd7 16. Bxg6 hxg6 17. c4 dxc4 18. Nxc4 b5 19. Qe4 Rc8 20. Nd6 Rc7 21. Rad1 Ne7 22. Re3 Qa8 23. Qd3 Nc5 24. Qe2 Nd5 25. Rg3 Nf4 26. Qe3 Nh5 27. Rf3 Nd7 28. Rd2 Nc5 29. g4 f5 30. gxh5 gxh5 31. Rf4 g5 32. Rfd4 f4 33. Qe2 Rh7 34. Ne4 Nxe4 35. Qxe4 Qc8 36. Qd3 Rhf7 37. Rd8 Qc5 38. Rxf8+ Kxf8 39. Qd8+ Kg7 40. Qxg5+ Kf8 41. Rd8# 1-0


[Site "https://www.chess.com"]

[Event "Titled Tuesday Blitz November 29 Early 2022"]
[White "Sovetbekova, Nurai"]
[Black "Rangel, Daniel"]
[WhiteFideId "13801910"]
[BlackFideId "2124475"]
[WhiteElo "1925"]
[BlackElo "2225"]
[Result "0-1"]
[Round "06"]
[TimeControl "180+1"]
[Date "2022.11.30"]
[WhiteClock "0:00:02"]
[BlackClock "0:00:10"]

1. d4 d5 2. c4 c6 3. g3 Nf6 4. Nf3 Bg4 5. Ne5 Be6 6. Qb3 Qb6 7. c5 Qc7 8. Nc3 Nbd7 9. Nf3 Ne4 10. Bf4 Qc8 11. a4 g6 12. Qc2 Ndf6 13. Be5 Bg7 14. Nxe4 dxe4 15. Ng5 Bd5 16. Bxf6 exf6 17. Nxe4 O-O 18. Bg2 Qf5 19. O-O Rfe8 20. f3 Bh6 21. Qc3 Qe6 22. Nd6 Be3+ 23. Kh1 Re7 24. f4 h5 25. Rad1 h4 26. Bxd5 Qxd5+ 27. Rf3 hxg3 28. hxg3 Kg7 29. Kg2 Rh8 30. Qc4 Qh5 0-1


[Site "https://www.chess.com"]

[Event "Titled Tuesday Blitz November 29 Early 2022"]
[White "Sukandar, Irine Kharisma"]
[Black "Quinones Garcia, Santiago"]
[WhiteFideId "7101937"]
[BlackFideId "4408497"]
[WhiteElo "2301"]
[BlackElo "2249"]
[Result "1-0"]
[Round "06"]
[TimeControl "180+1"]
[Date "2022.11.30"]
[WhiteClock "0:00:11"]
[BlackClock "0:00:02"]

1. e4 d6 2. d4 c6 3. Nc3 Nf6 4. h3 Qc7 5. Nf3 e5 6. a4 Be7 7. Bc4 O-O 8. O-O h6 9. Qe2 a6 10. Rd1 Re8 11. Be3 Nbd7 12. a5 Nf8 13. dxe5 dxe5 14. Bb6 Qb8 15. Nh4 Be6 16. Bxe6 Nxe6 17. Nf5 Bf8 18. Qf3 Nh7 19. Rd7 Neg5 20. Qg3 Nf6 21. Rc7 g6 22. Nh4 Ne6 23. Nxg6 fxg6 24. Qxg6+ Bg7 25. Qf7+ Kh8 26. Rxb7 Qc8 27. Rd1 Rf8 28. Qe7 Ng8 29. Qd7 Nf6 30. Qe7 Ng8 31. Qd7 Nf6 32. Qxc8 Raxc8 33. Rd6 Rfe8 34. Ra7 Nd4 35. Rxa6 Nxc2 36. Ra7 Nd4 37. f3 Nb5 38. Nxb5 cxb5 39. b4 Nh5 40. Rdd7 Rg8 41. Bc7 Nf6 42. Rf7 1-0


[Site "https://www.chess.com"]

[Event "Titled Tuesday Blitz November 29 Early 2022"]
[White "Sztokbant, Bernardo Vainzoff"]
[Black "Costachi, Mihnea"]
[WhiteFideId "2115956"]
[BlackFideId "1217518"]
[WhiteElo "2228"]
[BlackElo "2424"]
[Result "0-1"]
[Round "06"]
[TimeControl "180+1"]
[Date "2022.11.30"]
[WhiteClock "0:00:01"]
[BlackClock "0:01:33"]

1. e4 e5 2. Nf3 Nc6 3. Bb5 a6 4. Ba4 d6 5. O-O Bd7 6. c3 g6 7. d4 Bg7 8. Re1 Nf6 9. h3 O-O 10. Bc2 b5 11. Nbd2 Re8 12. Nf1 Na5 13. b3 c5 14. Bb2 Qc7 15. Rc1 Bh6 16. Rb1 Rac8 17. Bd3 c4 18. Bc2 exd4 19. Nxd4 Bg7 20. Ng3 Nc6 21. bxc4 bxc4 22. Nxc6 Bxc6 23. Ba3 d5 24. Ba4 Nxe4 25. Nxe4 dxe4 26. Re3 Rcd8 27. Qc2 Rd3 28. Bxc6 Qxc6 29. Bb4 f5 30. Re2 e3 31. fxe3 Bh6 32. Rbe1 Bxe3+ 33. Kh1 f4 34. Kh2 Re5 35. Rf1 Qe4 36. Rf3 Bg1+ 37. Kxg1 Qxe2 38. Qxe2 Rxe2 39. Rxf4 Rdd2 40. Rg4 Rxa2 41. Kh2 a5 42. Bd6 Rac2 43. h4 Rxc3 44. Rf4 Rcc2 45. Rg4 Kf7 46. Kh3 Ke6 47. Bc7 a4 0-1


[Site "https://www.chess.com"]

[Event "Titled Tuesday Blitz November 29 Early 2022"]
[White "Szyszylo, Rafal"]
[Black "Kovacevic, Radmila"]
[WhiteFideId "1109626"]
[BlackFideId "933171"]
[WhiteElo "1981"]
[BlackElo "2208"]
[Result "1/2-1/2"]
[Round "06"]
[TimeControl "180+1"]
[Date "2022.11.30"]
[WhiteClock "0:00:48"]
[BlackClock "0:00:50"]

1. e4 e5 2. Nf3 f5 3. d3 Nc6 4. g3 Nf6 5. Nc3 Bb4 6. exf5 d5 7. Bd2 Bxf5 8. Bg2 e4 9. dxe4 dxe4 10. Nh4 Bg4 11. f3 exf3 12. Nxf3 Qe7+ 13. Qe2 Qxe2+ 14. Nxe2 Bxd2+ 15. Nxd2 O-O-O 16. Nf3 Rhe8 17. Rd1 Bxf3 18. Rxd8+ Kxd8 19. Bxf3 Nd4 20. Kf2 Nxf3 21. Kxf3 c6 22. Rd1+ Kc7 23. Nf4 g5 24. Nd3 Nd5 25. Kf2 h5 26. Rd2 Rf8+ 27. Ke2 Re8+ 28. Kf2 Rf8+ 29. Ke2 Re8+ 30. Kf2 1/2-1/2


[Site "https://www.chess.com"]

[Event "Titled Tuesday Blitz November 29 Early 2022"]
[White "Tarasova, Viktoriya"]
[Black "Roque Sola, Jose Luis"]
[WhiteFideId "4175840"]
[BlackFideId "5120390"]
[WhiteElo "2182"]
[BlackElo "2117"]
[Result "1-0"]
[Round "06"]
[TimeControl "180+1"]
[Date "2022.11.30"]
[WhiteClock "0:00:19"]
[BlackClock "0:00:17"]

1. d4 Nf6 2. c4 g6 3. Nc3 d5 4. cxd5 Nxd5 5. e4 Nxc3 6. bxc3 Bg7 7. Bc4 O-O 8. Ne2 c5 9. Be3 Qa5 10. O-O cxd4 11. cxd4 Qh5 12. Rc1 Nc6 13. Qd2 Bd7 14. Nf4 Qa5 15. Qxa5 Nxa5 16. Bd3 Rac8 17. Nd5 Nc6 18. e5 e6 19. Nf4 Nb4 20. Bb1 Bb5 21. Rfd1 Bc4 22. a3 Nd5 23. Nxd5 Bxd5 24. Rxc8 Rxc8 25. Rc1 Rxc1+ 26. Bxc1 Bf8 27. f3 Kg7 28. Kf2 b5 29. Bd3 Bc6 30. Be4 Bxe4 31. fxe4 a5 32. Ke3 b4 33. a4 f6 34. exf6+ Kxf6 35. Kd3 h5 36. Kc4 Be7 37. Kb5 Bd8 38. Kc6 g5 39. Bb2 Ke7 40. d5 exd5 41. exd5 g4 42. h3 gxh3 43. gxh3 h4 44. Bd4 Kf7 45. d6 Ke6 46. Bb2 Bg5 47. d7 Bd8 48. Bd4 Be7 49. Kc7 Kd5 50. Bh8 Ke6 51. d8=Q Bxd8+ 52. Kxd8 Kd5 53. Kc7 Kc4 54. Kb6 b3 55. Kxa5 1-0


[Site "https://www.chess.com"]

[Event "Titled Tuesday Blitz November 29 Early 2022"]
[White "Tarnowska, Aleksandra"]
[Black "Gjestemoen-VonHirsch, Andre"]
[WhiteFideId "1180967"]
[BlackFideId "1539531"]
[WhiteElo "1776"]
[BlackElo "2198"]
[Result "0-1"]
[Round "06"]
[TimeControl "180+1"]
[Date "2022.11.30"]
[WhiteClock "0:00:01"]
[BlackClock "0:00:05"]

1. e4 g6 2. d4 Bg7 3. Nc3 c5 4. Nf3 cxd4 5. Nxd4 Nc6 6. Nxc6 bxc6 7. Bc4 d6 8. O-O Nf6 9. f4 O-O 10. f5 Qb6+ 11. Kh1 Ba6 12. Bxa6 Qxa6 13. Bf4 Rab8 14. Rb1 Nh5 15. Bg5 Rfe8 16. Qf3 Qa5 17. fxg6 fxg6 18. Qf7+ Kh8 19. Bxe7 Qc7 20. Bxd6 Qxd6 0-1


[Site "https://www.chess.com"]

[Event "Titled Tuesday Blitz November 29 Early 2022"]
[White "Tasev, Dejan"]
[Black "Buscar, Michael"]
[WhiteFideId "936618"]
[BlackFideId "2603616"]
[WhiteElo "2256"]
[BlackElo "2010"]
[Result "1-0"]
[Round "06"]
[TimeControl "180+1"]
[Date "2022.11.30"]
[WhiteClock "0:00:12"]
[BlackClock "0:00:02"]

1. e4 c5 2. Nf3 Nc6 3. Nc3 Nf6 4. d4 cxd4 5. Nxd4 e5 6. Ndb5 h6 7. a4 d6 8. Na3 Be7 9. Nc4 Be6 10. Ne3 O-O 11. Ned5 Rc8 12. Bc4 Nd4 13. b3 Nxd5 14. Nxd5 Bg5 15. O-O a6 16. a5 Bxc1 17. Rxc1 Bxd5 18. Bxd5 Qxa5 19. Bxb7 Rc7 20. Bd5 Rfc8 21. Bc4 Kh8 22. f4 f6 23. fxe5 dxe5 24. Ra1 Qc5 25. Kh1 a5 26. c3 Nc6 27. Qg4 Rd8 28. Rad1 Rcc8 29. Rd5 Qb6 30. h3 Qa7 31. Bb5 Ne7 32. Rxd8+ Rxd8 33. Rd1 Qb8 34. Bc4 Qa8 35. Rxd8+ Qxd8 36. Qe6 Nc8 37. Bd5 Nb6 38. c4 a4 39. bxa4 Nxa4 40. h4 Nc3 41. Kh2 Ne2 42. g3 Nd4 43. Qf7 Qc8 44. h5 Kh7 45. Qg6+ Kh8 46. Qf7 Nf3+ 47. Kg2 Ng5 48. Qe7 Qh3+ 49. Kf2 Qh2+ 50. Ke3 Qxg3+ 51. Kd2 Qf2+ 52. Kc3 Qd4+ 53. Kb4 Qb2+ 54. Ka5 Qb8 55. c5 Nf3 56. c6 Nd4 57. Qb7 Qd8+ 58. c7 Nb3+ 59. Bxb3 1-0


[Site "https://www.chess.com"]

[Event "Titled Tuesday Blitz November 29 Early 2022"]
[White "Terzi, Alexei"]
[Black "Wagner, Dennis"]
[WhiteFideId "13505076"]
[BlackFideId "24650684"]
[WhiteElo "2172"]
[BlackElo "2470"]
[Result "0-1"]
[Round "06"]
[TimeControl "180+1"]
[Date "2022.11.30"]
[WhiteClock "0:00:09"]
[BlackClock "0:00:20"]

1. d4 Nf6 2. Nf3 d5 3. Bf4 e6 4. e3 Bd6 5. Nbd2 O-O 6. Bd3 c5 7. c3 Bxf4 8. exf4 Qc7 9. Ne5 b6 10. Ndf3 Ba6 11. O-O Bxd3 12. Qxd3 Nc6 13. Rfe1 Rfc8 14. g3 a5 15. h4 h6 16. Kg2 a4 17. a3 Ne4 18. h5 cxd4 19. Nxd4 Nxe5 20. fxe5 Qxe5 21. Qf3 Qf6 22. Re3 Qxf3+ 23. Rxf3 Re8 24. Rd1 Nf6 25. Nc6 Rac8 26. Ne5 Rc7 27. Rh1 Ne4 28. Rd3 f6 29. Ng6 Nc5 30. Rd4 Kf7 31. Rhd1 b5 32. f4 Nb3 33. Rb4 Rc5 34. Kf2 e5 35. fxe5 fxe5 36. Ke2 Na5 37. Rf1+ Ke6 38. Rg4 Rc4 39. Rh4 Rxh4 40. Nxh4 Nc4 41. Nf5 Rg8 42. Ne3 g6 43. Ng4 gxh5 44. Nxh6 Rxg3 45. Nf5 Rg2+ 46. Ke1 Rxb2 47. Ng7+ Ke7 48. Nxh5 Nxa3 49. Kd1 Rb1+ 50. Ke2 Rxf1 51. Kxf1 Nc2 52. Ng3 a3 53. Ke2 a2 54. Kd2 a1=Q 0-1


[Site "https://www.chess.com"]

[Event "Titled Tuesday Blitz November 29 Early 2022"]
[White "Tokhirjonova, Gulrukhbegim"]
[Black "Barash, Anton"]
[WhiteFideId "14203626"]
[BlackFideId "30935229"]
[WhiteElo "2236"]
[BlackElo "2324"]
[Result "0-1"]
[Round "06"]
[TimeControl "180+1"]
[Date "2022.11.30"]
[WhiteClock "0:00:24"]
[BlackClock "0:01:01"]

1. e4 e6 2. d4 d5 3. e5 c5 4. c3 Nc6 5. Nf3 Qb6 6. a3 Nh6 7. b4 cxd4 8. cxd4 Nf5 9. Bb2 Bd7 10. Be2 Rc8 11. O-O Na5 12. Nbd2 Nc4 13. Nxc4 dxc4 14. Rc1 Qa6 15. d5 exd5 16. Qxd5 Be6 17. Qe4 Be7 18. Nd2 b5 19. g4 Nh4 20. f4 Rd8 21. Qe3 Qb7 22. Nf3 Bd5 23. Nxh4 Bxh4 24. Bf3 O-O 25. g5 Bxf3 26. Rxf3 Rd3 27. Qxd3 cxd3 28. Rxd3 Qe4 29. Rcd1 Qxf4 30. Bc1 Qxe5 31. Rd5 Qe2 32. Rf1 Qg4+ 33. Kh1 Qe4+ 0-1


[Site "https://www.chess.com"]

[Event "Titled Tuesday Blitz November 29 Early 2022"]
[White "Tologon tegin, Semetei"]
[Black "Van Osch, Mees"]
[WhiteFideId "13800574"]
[BlackFideId "1035967"]
[WhiteElo "2282"]
[BlackElo "2324"]
[Result "1-0"]
[Round "06"]
[TimeControl "180+1"]
[Date "2022.11.30"]
[WhiteClock "0:01:32"]
[BlackClock "0:00:44"]

1. e4 c6 2. Nf3 d5 3. Nc3 dxe4 4. Nxe4 Nf6 5. Qe2 Nxe4 6. Qxe4 Nd7 7. Bc4 Nf6 8. Qe2 Bf5 9. d4 e6 10. O-O Be7 11. c3 O-O 12. Ne5 c5 13. dxc5 Bxc5 14. Be3 Rc8 15. Bxc5 Rxc5 16. Bb3 Ne4 17. Rad1 Qf6 18. Nd7 Qg6 19. Nxf8 Kxf8 20. Rd8+ Ke7 21. Rfd1 Ng5 22. Qe3 b6 23. Kf1 Qh5 24. Qd4 Qxh2 25. Re8+ Kxe8 26. Qd8# 1-0


[Site "https://www.chess.com"]

[Event "Titled Tuesday Blitz November 29 Early 2022"]
[White "Tsukerman, Julia"]
[Black "Dzhaparov, Medet"]
[WhiteFideId "2621649"]
[BlackFideId "13803689"]
[WhiteElo "1667"]
[BlackElo "1702"]
[Result "0-1"]
[Round "06"]
[TimeControl "180+1"]
[Date "2022.11.30"]
[WhiteClock "0:00:10"]
[BlackClock "0:00:28"]

1. e4 e5 2. Nf3 Nc6 3. Bb5 Nf6 4. d3 d6 5. c3 Bd7 6. O-O Be7 7. Re1 O-O 8. h3 a6 9. Ba4 b5 10. Bb3 Na5 11. Bc2 c5 12. d4 cxd4 13. cxd4 Nc6 14. Nc3 Rc8 15. a3 Qc7 16. Bg5 h6 17. Bh4 Na5 18. Rc1 Nc4 19. Rb1 Nxb2 20. Rxb2 Qxc3 21. Qb1 exd4 22. Rd1 Qxa3 23. Rxd4 a5 24. e5 dxe5 25. Nxe5 Be6 26. Rxb5 Qc3 27. Bxf6 Bxf6 28. Bh7+ Kh8 29. Qd1 Kxh7 30. Rd3 Qc1 31. Nf3 Qxd1+ 32. Rxd1 a4 33. Ne5 Bxe5 34. Rxe5 a3 35. Ra1 a2 36. Ra5 Rb8 37. Kf1 Rb1+ 38. Ke2 Rxa1 0-1


[Site "https://www.chess.com"]

[Event "Titled Tuesday Blitz November 29 Early 2022"]
[White "Urazayev, Arystanbek"]
[Black "Shuvalov, Evgenij"]
[WhiteFideId "13709810"]
[BlackFideId "4187237"]
[WhiteElo "2441"]
[BlackElo "2049"]
[Result "1-0"]
[Round "06"]
[TimeControl "180+1"]
[Date "2022.11.30"]
[WhiteClock "0:02:29"]
[BlackClock "0:01:21"]

1. c4 Nf6 2. Nc3 d5 3. cxd5 Nxd5 4. e4 Nxc3 5. dxc3 Qxd1+ 6. Kxd1 Nc6 7. Kc2 e5 8. Be3 Be6 9. Nf3 f6 10. Nd2 O-O-O 11. Bb5 a6 12. Bxc6 bxc6 13. f3 Be7 14. Rhd1 Kb7 15. Nb3 Bxb3+ 16. Kxb3 c5 17. Kc4 Kc6 18. Rd5 Rb8 19. Bxc5 Bxc5 20. Rxc5+ Kb6 21. Rd1 Rhd8 22. Rcd5 Rxd5 23. Rxd5 Kc6 24. b4 h5 25. h4 Rg8 26. a4 g5 27. hxg5 Rxg5 28. Rd2 h4 29. b5+ axb5+ 30. axb5+ Kb6 31. Kb4 Rg3 32. c4 h3 33. c5+ Kb7 34. c6+ Kc8 35. gxh3 Rxh3 36. Rg2 Kb8 37. Rg8+ Ka7 38. Rc8 Rh7 39. Ka5 Rf7 40. Rxc7+ Rxc7 41. b6+ Kb8 42. bxc7+ Kxc7 43. Kb5 Kc8 44. Kb6 Kb8 45. c7+ Kc8 46. Kc6 f5 47. exf5 e4 48. f6 exf3 49. f7 f2 50. f8=Q# 1-0


[Site "https://www.chess.com"]

[Event "Titled Tuesday Blitz November 29 Early 2022"]
[White "Vakhlamov, Igor L."]
[Black "Pein, Jonathan"]
[WhiteFideId "24126748"]
[BlackFideId "417092"]
[WhiteElo "2401"]
[BlackElo "2227"]
[Result "1-0"]
[Round "06"]
[TimeControl "180+1"]
[Date "2022.11.30"]
[WhiteClock "0:00:23"]
[BlackClock "0:01:02"]

1. e4 d6 2. d4 Nf6 3. Nc3 Nc6 4. d5 Nb8 5. Nf3 g6 6. Be2 Bg7 7. O-O c6 8. a4 O-O 9. Nd4 c5 10. Nf3 Bg4 11. Bf4 Na6 12. Re1 Nc7 13. Qd2 Re8 14. Rad1 a6 15. h3 Bxf3 16. Bxf3 b5 17. axb5 axb5 18. e5 dxe5 19. Bxe5 b4 20. Ne2 Nb5 21. d6 exd6 22. Bxa8 Qxa8 23. Bxf6 Bxf6 24. c4 Nd4 25. Nxd4 Bxd4 26. b3 Kg7 27. Qf4 Be5 28. Qg4 Qa2 29. Qf3 Re6 30. Re2 Qa6 31. g3 Rf6 32. Qd5 Qa3 33. Rd3 Bd4 34. Kg2 h5 35. Rf3 Rxf3 36. Qxf3 Be5 37. Qd3 Qb2 38. Rxb2 Bxb2 39. Qxd6 Bd4 40. f4 Kg8 41. Kf3 Kg7 42. g4 hxg4+ 43. hxg4 Kg8 44. Ke4 Kg7 45. g5 Kg8 46. f5 gxf5+ 47. Kxf5 Kg7 48. Qd7 Kg8 49. g6 fxg6+ 50. Kxg6 1-0


[Site "https://www.chess.com"]

[Event "Titled Tuesday Blitz November 29 Early 2022"]
[White "Vargas Pereda, Jesus Manue"]
[Black "Georg, Heinz"]
[WhiteFideId "5115710"]
[BlackFideId "4607295"]
[WhiteElo "1950"]
[BlackElo "2327"]
[Result "1-0"]
[Round "06"]
[TimeControl "180+1"]
[Date "2022.11.30"]
[WhiteClock "0:00:15"]
[BlackClock "0:00:01"]

1. d4 f5 2. Qd3 d5 3. g3 Nf6 4. Bg2 e6 5. c3 b6 6. Bg5 Be7 7. Nd2 O-O 8. f3 c5 9. e4 fxe4 10. fxe4 cxd4 11. Qxd4 Nc6 12. Qd3 d4 13. Ne2 e5 14. O-O dxc3 15. Qxc3 Bc5+ 16. Kh1 Bg4 17. Rae1 Rc8 18. Nc1 Nd4 19. Ncb3 Be7 20. Qd3 h6 21. Bxf6 Bxf6 22. Nxd4 exd4 23. b3 Be5 24. Nc4 Re8 25. Rf2 Bh5 26. Rd2 Bf6 27. e5 Bg5 28. Rf2 b5 29. Nd6 Qxd6 30. exd6 Rxe1+ 31. Rf1 Rcc1 32. Rxe1 Rxe1+ 33. Bf1 1-0


[Site "https://www.chess.com"]

[Event "Titled Tuesday Blitz November 29 Early 2022"]
[White "Vysochin, Spartak"]
[Black "Troltenier, Dirk"]
[WhiteFideId "14103516"]
[BlackFideId "4606400"]
[WhiteElo "2412"]
[BlackElo "2337"]
[Result "1-0"]
[Round "06"]
[TimeControl "180+1"]
[Date "2022.11.30"]
[WhiteClock "0:00:27"]
[BlackClock "0:00:01"]

1. d4 d5 2. Nf3 c6 3. Bf4 Nf6 4. e3 Bg4 5. Be2 e6 6. O-O Bd6 7. Ne5 Bxe2 8. Qxe2 O-O 9. c4 Bxe5 10. Bxe5 Nbd7 11. Bg3 Ne4 12. Nc3 Nxg3 13. hxg3 Qe7 14. Rac1 Rfe8 15. Qg4 dxc4 16. a4 e5 17. d5 Nf6 18. Qxc4 cxd5 19. Nxd5 Nxd5 20. Qxd5 Rad8 21. Qb3 h5 22. Rc3 Rd7 23. Rfc1 Red8 24. Qc2 g6 25. Rc7 Rxc7 26. Qxc7 Rd1+ 27. Kh2 Qxc7 28. Rxc7 Rd2 29. Rxb7 Rxf2 30. Kg1 Rc2 31. Rxa7 Rxb2 32. Re7 Ra2 33. Rxe5 Rxa4 34. Kf2 Kg7 35. Kf3 Kf6 36. Rc5 Ra6 37. Rc7 Re6 38. Kf4 Ra6 39. Rb7 Rc6 40. Rd7 Ra6 41. Rb7 Rc6 42. Rb8 Ra6 43. Rb4 1-0


[Site "https://www.chess.com"]

[Event "Titled Tuesday Blitz November 29 Early 2022"]
[White "Weetik, Vjacheslav"]
[Black "Miszler, Levente"]
[WhiteFideId "4153472"]
[BlackFideId "763276"]
[WhiteElo "2469"]
[BlackElo "2176"]
[Result "1-0"]
[Round "06"]
[TimeControl "180+1"]
[Date "2022.11.30"]
[WhiteClock "0:01:05"]
[BlackClock "0:01:53"]

1. e4 e6 2. d4 d5 3. Nd2 f5 4. exf5 exf5 5. Bd3 Nf6 6. Ne2 Bd6 7. Nf3 O-O 8. O-O Ne4 9. Bf4 h6 10. c4 c6 11. Qb3 Bxf4 12. Nxf4 Qd6 13. Ne5 Nf6 14. Rfe1 Nbd7 15. c5 Nxc5 16. dxc5 Qxc5 17. Rac1 Qd4 18. Neg6 Rd8 19. Rcd1 Qc5 20. Ne7+ Kf7 21. Nxc8 Raxc8 22. Bxf5 Rc7 23. Ne6 1-0


[Site "https://www.chess.com"]

[Event "Titled Tuesday Blitz November 29 Early 2022"]
[White "Womacka, Mathias"]
[Black "Manon-og, Ramon Jr."]
[WhiteFideId "4611390"]
[BlackFideId "5200776"]
[WhiteElo "2378"]
[BlackElo "2333"]
[Result "1-0"]
[Round "06"]
[TimeControl "180+1"]
[Date "2022.11.30"]
[WhiteClock "0:00:09"]
[BlackClock "0:00:03"]

1. e4 c5 2. Nf3 d6 3. d4 cxd4 4. Nxd4 Nf6 5. Nc3 a6 6. Be2 e5 7. Nb3 Be7 8. O-O O-O 9. Kh1 Nc6 10. f4 b5 11. a4 b4 12. Nd5 Nxe4 13. Bf3 f5 14. Nxe7+ Nxe7 15. fxe5 d5 16. a5 Bb7 17. Be3 Ng6 18. Nc5 Bc6 19. Nxa6 Rxa6 20. Bb6 Qh4 21. Kg1 Raa8 22. g3 Nxg3 23. hxg3 Qxg3+ 24. Kh1 Nh4 25. Bd4 f4 26. Qe2 Rf5 27. Bg4 Rg5 28. Rg1 Nf5 29. Bxf5 Qh4+ 30. Qh2 Qxh2+ 31. Kxh2 Rxf5 32. a6 f3 33. Kg3 Raf8 34. Kf2 Re8 35. a7 h6 36. Ra6 Ba8 37. Rxh6 Rc8 38. c3 bxc3 39. bxc3 Rc7 40. Rd6 1-0


[Site "https://www.chess.com"]

[Event "Titled Tuesday Blitz November 29 Early 2022"]
[White "Yeremyan, Alen"]
[Black "Fernandez Garcia, Gumersindo"]
[WhiteFideId "13308998"]
[BlackFideId "24516740"]
[WhiteElo "2159"]
[BlackElo "2140"]
[Result "1-0"]
[Round "06"]
[TimeControl "180+1"]
[Date "2022.11.30"]
[WhiteClock "0:02:13"]
[BlackClock "0:00:55"]

1. d4 Nf6 2. Nf3 g6 3. c4 Bg7 4. g3 d6 5. Bg2 O-O 6. O-O Nbd7 7. Nc3 e5 8. e4 exd4 9. Nxd4 Re8 10. Re1 a6 11. h3 Rb8 12. Qc2 Ne5 13. b3 c5 14. Nde2 b5 15. cxb5 axb5 16. Rd1 Be6 17. Bb2 Qc7 18. Nf4 b4 19. Ncd5 Nxd5 20. Nxd5 Bxd5 21. Rxd5 Re6 22. Rad1 Ra8 23. Ba1 Qb6 24. Kh2 Rae8 25. f4 Nd7 26. Bxg7 Kxg7 27. e5 dxe5 28. Rxd7 exf4 29. Qb2+ Rf6 30. R1d6 fxg3+ 31. Kxg3 Re3+ 32. Kh2 Re6 33. Rxb6 Rxb6 34. Bd5 Kf8 35. Qe5 Ra6 36. Bxf7 Rxa2+ 37. Kg3 Raf2 38. Qe8+ Kg7 39. Bxg6+ Kh6 40. Rxh7+ Kg5 41. Rh5# 1-0


[Site "https://www.chess.com"]

[Event "Titled Tuesday Blitz November 29 Early 2022"]
[White "Zacurdajev, Dmitry"]
[Black "Fernandez Hernandez, Gerardo"]
[WhiteFideId "4196309"]
[BlackFideId "2207400"]
[WhiteElo "2179"]
[BlackElo "2220"]
[Result "1-0"]
[Round "06"]
[TimeControl "180+1"]
[Date "2022.11.30"]
[WhiteClock "0:00:52"]
[BlackClock "0:00:01"]

1. d4 Nf6 2. c4 c5 3. d5 b5 4. cxb5 a6 5. bxa6 g6 6. Nc3 Bg7 7. e4 O-O 8. Nf3 Qa5 9. Qc2 Nxe4 10. Qxe4 Bxc3+ 11. Bd2 Bxd2+ 12. Nxd2 d6 13. Bc4 Bf5 14. Qe2 Nxa6 15. O-O Nb4 16. Qxe7 Nc2 17. Rad1 Qb6 18. Ne4 Bxe4 19. Qxe4 Nd4 20. Rd2 Rfe8 21. Qd3 Re5 22. h3 Rae8 23. a4 Qb4 24. b3 Rg5 25. Ra2 h5 26. a5 Rge5 27. a6 Ra8 28. Qd2 Qb6 29. Qa5 Qxa5 30. Rxa5 1-0


[Site "https://www.chess.com"]

[Event "Titled Tuesday Blitz November 29 Early 2022"]
[White "Zaksaite, Salomeja"]
[Black "Gonzalez, Francisco Silva"]
[WhiteFideId "12801496"]
[BlackFideId "1512285"]
[WhiteElo "2079"]
[BlackElo "2159"]
[Result "0-1"]
[Round "06"]
[TimeControl "180+1"]
[Date "2022.11.30"]
[WhiteClock "0:00:01"]
[BlackClock "0:00:58"]

1. e4 e5 2. Nf3 Nc6 3. Bc4 Bc5 4. d3 Nf6 5. Nbd2 d6 6. h3 a6 7. c3 Ba7 8. Bb3 Ne7 9. Nf1 Ng6 10. g4 Nd7 11. Ng3 Nc5 12. Bc2 a5 13. Nf5 Kf8 14. Bg5 Qe8 15. Qd2 Ne6 16. Be3 Ngf4 17. O-O-O h5 18. g5 g6 19. d4 gxf5 20. exf5 Ng7 21. dxe5 dxe5 22. f6 Nge6 23. Nxe5 Ng6 24. Bxg6 fxg6 25. Bxa7 Rxa7 26. f7 Qxf7 27. Nxf7 Kxf7 28. Rhe1 Ra6 29. f4 Rd8 30. Qe3 Rxd1+ 31. Rxd1 Rd6 32. Rxd6 cxd6 33. f5 gxf5 34. Qb6 Ke7 0-1


[Site "https://www.chess.com"]

[Event "Titled Tuesday Blitz November 29 Early 2022"]
[White "Zaloznyy, Mike"]
[Black "Sai Han Thiha"]
[WhiteFideId "2023075"]
[BlackFideId "13012290"]
[WhiteElo "2126"]
[BlackElo "2023"]
[Result "0-1"]
[Round "06"]
[TimeControl "180+1"]
[Date "2022.11.30"]
[WhiteClock "0:00:19"]
[BlackClock "0:01:16"]

1. e4 c6 2. d4 d5 3. e5 Bf5 4. h4 h5 5. Bd3 Bxd3 6. Qxd3 e6 7. Nf3 Qa5+ 8. Nbd2 Qa6 9. c4 Nd7 10. b3 Nh6 11. O-O Nf5 12. a4 Bb4 13. Ba3 Bxa3 14. Rxa3 Rd8 15. Qc2 Qb6 16. c5 Qb4 17. Qb2 b6 18. cxb6 axb6 19. a5 bxa5 20. Rc1 c5 21. Ra4 Qb6 22. Qc3 cxd4 23. Qxa5 Qxa5 24. Rxa5 Ke7 25. Rc7 Rc8 26. Rb7 Rb8 27. Raa7 Rxb7 28. Rxb7 Rc8 29. Ng5 Rc1+ 30. Kh2 Nxh4 31. Nxf7 Rc2 32. Nf3 Nxf3+ 33. gxf3 Kxf7 34. Rxd7+ Kg6 35. Kg2 d3 0-1


[Site "https://www.chess.com"]